 Dungeon Crawl Stone Soup version 0.30-a0-924-g0ad0bf95bc (webtiles) character file.

Game seed: 608646411083860948

77 FexLirch the Chopper (level 4, -4/36 (37) HPs)
             Began as a Hill Orc Reaver on Mar 22, 2023.
             Slain by a gnoll
             ... wielding a +0 halberd
              (7 damage)
             ... on level 3 of the Dungeon.
             The game lasted 00:01:26 (1565 turns).

FexLirch the Chopper (Hill Orc Reaver)              Turns: 1565, Time: 00:01:27

HP:   -4/36 (37)    AC:  4    Str: 16    XL:     4   Next: 34%
MP:   6/6           EV: 11    Int: 13    God:
Gold: 107           SH:  0    Dex:  9    Spells: 5/6 levels left

rFire   . . .      SeeInvis .    a - +0 hand axe
rCold   . . .      Faith    .    (no shield)
rNeg    + . .      Spirit   .    b - +0 leather armour
rPois   .          Reflect  .    i - +0 helmet
rElec   .          Rampage  .    (no cloak)
rCorr   .                        (no gloves)
Will    .....                    (no boots)
Stlth   +                        (no amulet)
HPRegen 0.26/turn                d - ring of positive energy
MPRegen 0.10/turn                (no ring)

@: lightly drained
A: no striking features
a: no special abilities


You were on level 3 of the Dungeon.
You visited 1 branch of the dungeon, and saw 3 of its levels.

You collected 107 gold pieces.

Inventory:

Hand Weapons
 a - a +0 hand axe (weapon)
Missiles
 c - 24 stones
Armour
 b - a +0 leather armour (worn)
 i - a +0 helmet (worn)
Jewellery
 d - a ring of positive energy (left hand)
 g - an amulet of faith
Scrolls
 e - a scroll of noise {unknown}
 h - 2 scrolls of silence {unknown}
 j - a scroll of identify {unknown}
Potions
 f - a potion of heal wounds {unknown}


   Skills:
 - Level 2.4 Fighting
 + Level 6.7 Axes
 - Level 1.5 Dodging
 - Level 1.5 Spellcasting
 - Level 3.0 Conjurations


You had 5 spell levels left.
You knew the following spells:

 Your Spells              Type           Power      Damage    Failure   Level
a - Kiss of Death         Conj/Necr      16%        2d6       19%         1

Your spell library contained the following spells:

 Spells                   Type           Power      Damage    Failure   Level
 Momentum Strike          Conj/Tloc      8%         3d8       26%         2
 Hailstorm                Conj/Ice       4%         3d4       47%         3


Dungeon Overview and Level Annotations

Branches:
Dungeon (3/15)

Altars:


Message History

The quokka is almost dead.
The quokka barely misses you.
A quokka is nearby!
You closely miss the quokka.
The quokka is almost dead.
The quokka closely misses you.
A quokka is nearby!
You miss the quokka.
The quokka is almost dead.
The quokka barely misses you. The quokka closely misses you.
A quokka is nearby!
You slash the quokka!
You kill the quokka!
You open the door.
There is an open door here.
You open the door.
Found a stone staircase leading down.
No target in view!
There is an open door here.
There is an open door here.
Found a stone staircase leading down.
No target in view!
You open the door. 4 gnolls come into view.
The gnoll shouts! x3
The gnoll hits you from afar with a +0 halberd. x2
Found an escape hatch in the floor.
The gnoll hits you from afar with a +0 spear!
The gnoll hits you with a +0 halberd!
* * * LOW HITPOINT WARNING * * *
The gnoll hits you with a +0 halberd!
* * * LOW HITPOINT WARNING * * *
There is an open door, spattered with blood here.
There are monsters nearby!
You are too injured to fight recklessly!
There are monsters nearby!
You are too injured to fight recklessly!
The gnoll attacks as you move away! The gnoll barely misses you.
The gnoll hits you from afar with a +0 halberd!
You die...

#...# ......# #.8.#
.....# #...# #....#
##.'## #....#
######.###....#
##†..##...#....#
#<.8..'.8......#
##...##........#######.#
######@...##...........
#.'#...##.##........
#ggg#...#..##>.......
#.8g#...#.###........
#...#...#.# #........
##>##...#.# ######### ##
#.....# #######


You could see 4 gnolls.

Vanquished Creatures
  An iguana (D:2)
  An adder (D:2)
  A dart slug (D:2)
  An orc (D:2)
  6 ball pythons
  7 endoplasms
  A giant cockroach (D:1)
  A goblin (D:2)
  4 hobgoblins
  A kobold (D:1)
  4 quokkas
  4 bats
  A frilled lizard (D:1)
  4 rats
37 creatures vanquished.

Notes
Turn   | Place    | Note
-------+----------+-------------------------------------------
     0 | D:1      | FexLirch the Hill Orc Reaver began the quest for the Orb.
     0 | D:1      | Reached XP level 1. HP: 18/18 MP: 3/3
   141 | D:1      | Reached XP level 2. HP: 25/25 MP: 4/4
   241 | D:1      | Reached skill level 5 in Axes
   594 | D:2      | Reached XP level 3. HP: 30/30 MP: 5/5
   808 | D:2      | Reached skill level 6 in Axes
   808 | D:2      | Reached XP level 4. HP: 14/35 MP: 4/6
  1565 | D:3      | Slain by a gnoll

Illustrated notes

Levels and vault maps discovered:
D:1:      mrwooster_arrival_statue_3, layout_rooms
D:2:      layout_loops_cross, dk_noncrumbling_4, grunt_ministairs_4,
          minmay_misc_feat_enclosed
D:3:      layout_rooms, nicolae_dithmenos_through_a_glass_darkly,
          shapermc_ecumenical_altar_ellora, grunt_ministairs_4

Skill      XL: |  1  2  3 |
---------------+----------+-----
Axes           | 5 6 |  6.7
Fighting       | |  2.4
Dodging        | |  1.5
Spellcasting   | |  1.5
Conjurations   | |  3.0

Action                     |  1- 3 |  4- 6 || total
---------------------------+-------+-------++-------
  Melee: Hand axe          |    85 |    30 ||   115
         Punch             |       |     1 ||     1
   Cast: Kiss of Death     |     1 |       ||     1
 Armour: Leather armour    |    19 |     7 ||    26
  Dodge: Dodged            |    59 |    15 ||    74

Table legend: (Time is in decaauts)
 A = Elapsed time spent in this place.
 B = Non-inter-level travel time spent in this place.
 C = Inter-level travel time spent in this place.
 D = Time resting spent in this place.
 E = Time spent auto-exploring this place.
 F = Levels seen in this place.
 G = Mean time per level.
                   A        B        C        D        E       F      G
               +--------+--------+--------+--------+--------+-----+--------+
         Total |   1567 |   1503 |     64 |    181 |   1064 |   3 |  522.3 |
       Dungeon |   1567 |   1503 |     64 |    181 |   1064 |   3 |  522.3 |
               +--------+--------+--------+--------+--------+-----+--------+

Top non-repeatable levels by time:
     D:2: 924 daAuts
     D:1: 595 daAuts
     D:3: 47 daAuts
